 Dungeon Crawl Stone Soup version 0.30-a0-1043-g60ff8d5f49 (webtiles) character file.

Game seed: 15837501379856623321

55 cheesebisquit the Digger (level 3, -2/19 HPs)
             Began as a Gargoyle Earth Elementalist on Apr 10, 2023.
             Slain by a gnoll bouda
             ... wielding a +0 whip
              (8 damage)
             ... on level 3 of the Dungeon.
             The game lasted 00:03:15 (1326 turns).

cheesebisquit the Digger (GrEE)                     Turns: 1326, Time: 00:03:15

Health: -2/19      AC:  6    Str: 11    XL:     3   Next: 93%
Magic:  5/6        EV: 11    Int: 17    God:
Gold:   155        SH:  0    Dex: 10    Spells: 5/6 levels left

rFire   . . .      SeeInvis .    j - +0 war axe
rCold   . . .      Faith    .    (no shield)
rNeg    + . .      Spirit   .    a - +0 robe
rPois   ∞          Reflect  .    (no helmet)
rElec   +          Rampage  .    (no cloak)
rCorr   .                        m - +0 pair of gloves
Will    .....                    (no boots)
Stlth   ++                       (no amulet)
HPRegen 0.23/turn                (no ring)
MPRegen 0.10/turn                (no ring)

@: no status effects
A: sickness immunity, AC +3, negative energy resistance 1, electricity
resistance, torment resistance 1, petrification resistance
a: no special abilities


You were on level 3 of the Dungeon.
You visited 1 branch of the dungeon, and saw 3 of its levels.

You collected 155 gold pieces.

Inventory:

Hand Weapons
 j - a +0 war axe (weapon)
 l - a +0 mace
Armour
 a - a +0 robe (worn)
 m - a +0 pair of gloves (worn)
Scrolls
 e - a scroll of noise {unknown}
 i - 3 scrolls of torment {unknown}
 n - a scroll of identify {unknown}
Potions
 c - a potion of degeneration {unknown}
 d - 2 potions of flight {unknown}
 f - 2 potions of curing {unknown}
 g - 2 potions of attraction {unknown}
 h - a potion of lignification {unknown}
 k - 2 potions of berserk rage {unknown}


   Skills:
 - Level 1.5 Dodging
 - Level 2.1 Stealth
 - Level 2.0 Spellcasting
 - Level 0.7 Transmutations
 + Level 5.7 Earth Magic


You had 5 spell levels left.
You knew the following spells:

 Your Spells              Type           Power      Damage    Failure   Level
a - Sandblast             Erth           42%        2d11      1%          1

Your spell library contained the following spells:

 Spells                   Type           Power      Damage    Failure   Level
 Passwall                 Tmut/Erth      10%        N/A       8%          2
 Stone Arrow              Conj/Erth      22%        3d8       19%         3
 Petrify                  Tmut/Erth      12%        N/A       45%         4


Dungeon Overview and Level Annotations

Branches:
Dungeon (3/15)

Altars:
Makhleb


Innate Abilities, Weirdness & Mutations

You are immune to sickness and miasma.
Your stone body is resilient. (AC +3)
You are immune to poison.
You resist negative energy. (rN+)
You are resistant to electric shocks. (rElec)
You are resistant to unholy torment.
You are immune to petrification.


Message History

The gnoll is lightly wounded.
The gnoll hits you but does no damage.
The gnoll bouda calls upon its god to heal the gnoll.
The gnoll's wounds heal themselves!
You hear a shout!
You barely miss the gnoll. You closely miss the goblin.
The gnoll hits you with a +0 flail. The goblin barely misses you.
The goblin attacks as you move away! The goblin hits you but does no damage.
The adder bites you. The gnoll completely misses you.
The adder attacks as you move away! The adder bites you but does no damage.
The goblin hits you with a +0 dagger. The adder bites you but does no damage.
The gnoll barely misses you. The goblin attacks as you move away!
The goblin hits you but does no damage. The adder attacks as you move away!
The adder bites you but does no damage.
A gnoll comes into view. It is wielding a +0 club.
The adder attacks as you move away! The adder misses you.
The adder closely misses you.
The blast of sand hits the adder!
The adder is almost dead.
The adder closely misses you. x2
The blast of sand hits the adder!
You kill the adder!
The gnoll bouda barks out a call to the hunt!
You hear a shout!
The blast of sand hits the goblin!
You kill the goblin!
The gnoll bouda barks out a call to the hunt!
The blast of sand hits the gnoll bouda!
The gnoll bouda is heavily wounded.
You are out of magic!
Magic courses through your body.
The gnoll bouda hits you with a +0 whip!
Aiming: Sandblast (safe; 1% risk of failure)
Press: ? - help, Q - select action Shift-Dir - straight line, f/p - gnoll bouda
Aim: a gnoll bouda, wielding a +0 whip and wearing a +0 robe (heavily wounded, 85% to hit)
The blast of sand hits the gnoll bouda!
The gnoll bouda is almost dead.
The gnoll bouda closely misses you.
The gnoll bouda hits you with a +0 whip!
You die...

#.. #.# #g# #
#######.######.#.
.......[.<.....(.
..?..............
.................
...#######.#####...
.......@ggg# ..
...######### #


You could see a gnoll bouda and 2 gnolls.

Vanquished Creatures
  A gnoll (D:3)
  2 adders
  3 bats
  4 endoplasms (D:2)
  A giant cockroach (D:2)
  2 hobgoblins (D:2)
  2 quokkas (D:2)
  A ball python (D:1)
  4 frilled lizards (D:2)
  2 goblins
  2 kobolds
  6 rats
30 creatures vanquished.

Notes
Turn   | Place    | Note
-------+----------+-------------------------------------------
     0 | D:1      | cheesebisquit the Gargoyle Earth Elementalist began the
                  | quest for the Orb.
     0 | D:1      | Reached XP level 1. HP: 10/10 MP: 3/3
   312 | D:1      | Reached skill level 4 in Earth Magic
   449 | D:2      | Reached XP level 2. HP: 15/15 MP: 3/5
   607 | D:2      | Found a burning altar of Makhleb.
   611 | D:2      | Identified the +6 dagger "Wiwone" {vamp, rPois Int-2 Dex+3}
   730 | D:2      | Identified the +6 dagger of the Spectre {distort, Dex+2}
   799 | D:2      | Reached XP level 3. HP: 19/19 MP: 4/6
   827 | D:2      | Reached skill level 5 in Earth Magic
  1326 | D:3      | Slain by a gnoll bouda

Illustrated notes

Levels and vault maps discovered:
D:1:      heliophobic_arrival_enchanted_forest, layout_rooms
D:2:      layout_loops_ring, basic_altar, minmay_tromino_i4
D:3:      layout_basic, marbit_many_paths, mainiacjoe_overflow_brackets,
          serial_shops, nicolae_shop_behind_doors, shop, shop,
          nicolae_shop_behind_doors, shop, uniq_terence

Skill      XL: |  1  2  3 |
---------------+----------+-----
Earth Magic    | 4 5 |  5.7
Dodging        | |  1.5
Stealth        | |  2.1
Spellcasting   | |  2.0
Transmutations | |  0.7

Action                     || total
---------------------------++-------
  Melee: War axe           ||     4
   Cast: Sandblast         ||    41
    Use: Potion            ||     1
 Armour: Robe              ||     8
  Dodge: Dodged            ||    10

Table legend: (Time is in decaauts)
 A = Elapsed time spent in this place.
 B = Non-inter-level travel time spent in this place.
 C = Inter-level travel time spent in this place.
 D = Time resting spent in this place.
 E = Time spent auto-exploring this place.
 F = Levels seen in this place.
 G = Mean time per level.
                   A        B        C        D        E       F      G
               +--------+--------+--------+--------+--------+-----+--------+
         Total |   1347 |   1299 |     48 |      0 |   1100 |   3 |  449.0 |
       Dungeon |   1347 |   1299 |     48 |      0 |   1100 |   3 |  449.0 |
               +--------+--------+--------+--------+--------+-----+--------+

Top non-repeatable levels by time:
     D:2: 891 daAuts
     D:1: 432 daAuts
     D:3: 23 daAuts
